 Dungeon Crawl Stone Soup version 0.29.1-1-gd02db6906a (webtiles) character file.

Game seed: 9373196981367183073

56 theswoord the Slasher (level 3, -9/29 HPs)
             Began as a Demonspawn Fighter on Oct 3, 2022.
             Killed by divine providence
             ... invoked by an orc priest
              (16 damage)
             ... on level 3 of the Dungeon on Oct 7, 2022.
             The game lasted 00:05:35 (2466 turns).

theswoord the Slasher (Demonspawn Fighter)          Turns: 2466, Time: 00:05:36

Health: -9/29      AC:  7    Str: 18    XL:     3   Next: 71%
Magic:  3/3        EV:  9    Int:  9    God:
Gold:   123        SH:  4    Dex: 12    Spells: 2/2 levels left

rFire   . . .      SeeInvis .   a - +0 long sword
rCold   . . .      Faith    .   c - +0 buckler
rNeg    . . .      Spirit   .   b - +0 scale mail
rPois   .          Reflect  .   (no helmet)
rElec   .          Harm     .   g - +0 cloak
rCorr   .          Rampage  .   (no gloves)
Will    .....                   (no boots)
Stlth   ..........              (no amulet)
HPRegen 0.09/turn               (no ring)
MPRegen 0.08/turn               (no ring)

@: no status effects
A: sturdy frame 1
a: no special abilities


You were on level 3 of the Dungeon.
You visited 1 branch of the dungeon, and saw 3 of its levels.

You collected 123 gold pieces.

Inventory:

Hand Weapons
 a - a +0 long sword (weapon)
Armour
 b - a +0 scale mail (worn)
 c - a +0 buckler (worn)
 g - a +0 cloak (worn)
 j - a +0 plate armour
Jewellery
 l - a ring of protection from fire
Scrolls
 e - a scroll of immolation {unknown}
 f - a scroll of magic mapping
 i - 2 scrolls of identify
 k - a scroll of teleportation {unknown}
Potions
 d - a potion of might
 h - 3 potions of heal wounds


   Skills:
 - Level 3.0 Fighting
 + Level 3.7 Long Blades
 - Level 2.6 Armour
 - Level 2.6 Shields


You had 2 spell levels left.
You didn't know any spells.
Your spell library was empty.

Dungeon Overview and Level Annotations

Branches:
Dungeon (3/15)

Altars:

Shops:
D:2 :


Innate Abilities, Weirdness & Mutations

Your movements are slightly less encumbered by armour. (ER -2)


Message History

The orc shouts!
An orc priest comes into view. It is wielding a +0 short sword.
An orc comes into view. It is wielding a +0 flail.
There is a stone staircase leading up here.
There is a stone staircase leading up here.
The orc priest shouts!
You hit the orc.
The orc is heavily wounded.
The orc priest begins to cast a cantrip, but forgets the words!
The orc barely misses you.
The orc shouts!
You hit the orc but do no damage.
The orc is heavily wounded.
The orc hits you but does no damage.
You closely miss the orc.
The orc is heavily wounded.
The orc hits you with a +0 falchion.
You barely miss the orc.
The orc is heavily wounded.
The orc priest looks satisfied for a moment.
You block the orc's attack. The orc closely misses you.
You hit the orc but do no damage.
The orc is heavily wounded.
The orc priest looks satisfied for a moment.
The orc hits you with a +0 falchion.
You closely miss the orc.
The orc is heavily wounded.
The orc closely misses you.
You barely miss the orc.
The orc is heavily wounded.
The orc priest mumbles some strange prayers to Beogh against you.
Beogh smites you!
* * * LOW HITPOINT WARNING * * *
The orc hits you with a +0 falchion.
* * * LOW HITPOINT WARNING * * *
There are no items here.
The orc priest calls down the wrath of Beogh upon you.
Beogh smites you!
Ouch! That really hurt!
You die...

#...######.# #...
..##.#
#...###.##.#
#.....#.##.#
#.....#.##.#
#.#..##.##.#
##..........#
#...o..#.######
.o.........o.oo@#
..##.#...#.######
.........#
#####.###.# ...
..# ###. ### #.


You could see an orc priest and 2 orcs.

Vanquished Creatures
  An adder (D:2)
  4 bats
  10 endoplasms
  A giant cockroach (D:2)
  A goblin (D:2)
  5 hobgoblins
  4 jackals (D:1)
  2 kobolds
  3 quokkas (D:1)
  4 ball pythons
  A frilled lizard (D:1)
  5 rats
41 creatures vanquished.

Notes
Turn   | Place    | Note
-------+----------+-------------------------------------------
     0 | D:1      | theswoord the Demonspawn Fighter began the quest for the
                  | Orb.
     0 | D:1      | Reached XP level 1. HP: 18/18 MP: 1/1
    41 | D:1      | Gained mutation: Your movements are slightly less
                  | encumbered by armour. (ER -2) [demonic ancestry]
    41 | D:1      | Reached XP level 2. HP: 3/24 MP: 2/2
  1007 | D:1      | Found a faded altar of an unknown god.
  1213 | D:1      | Reached XP level 3. HP: 27/29 MP: 3/3
  1684 | D:2      | Found Letorph's Book Shop.
  2466 | D:3      | Killed from afar by an orc priest

Skill      XL: |  1  2 |
---------------+-------+-----
Long Blades    | 2 3 |  3.7
Fighting       | |  3.0
Armour         | |  2.6
Shields        | |  2.6

Action                   || total
-------------------------++-------
Melee: Long sword        ||   140
  Use: Scroll            ||     2
Armor: Scale mail        ||    65
Dodge: Dodged            ||    66
Block: Buckler           ||    39

Levels and vault maps discovered:
D:1:      minmay_arrival_floating_metal, layout_loops_cross,
          shapermc_ecumenical_altar_mp_ritualfount
D:2:      layout_basic, serial_shops, shop_fountains
D:3:      layout_basic, grunt_gozag_breadcrumbs, minmay_misc_feat_iff,
          uniq_robin
